Map: Invader LE

Players

XY - Winner!

  • Race: Terran Terran
  • League: Platinum

Elazer

  • Race: Zerg Zerg

Event: DreamHack Open Tours WCS Spring Championship

VOD

Have the link to the VOD?

Description

Time

  • Played on: May 14, 2016, 2:10 p.m.
  • Length: 8:19

All games in this series

Show
View Real Time Build Order
Export as new Build Order

XY Terran - Winner!

Build Orders: Reaper Expand, MMM Bio 

Get SALT Encoding   

  12  0:00  SCV  
  13  0:12  SCV  
  14  0:17  Supply Depot  
  14  0:25  SCV  
  15  0:38  SCV  
  15  0:40  Barracks  
  16  0:43  Refinery  
  16  0:50  SCV  
  17  1:03  SCV  
  18  1:15  SCV  
  19  1:26  Reaper  
  19  1:27  Orbital Command  
  20  1:39  Command Center  
  20  1:51  Supply Depot  
  20  1:52  SCV  
  21  1:58  Marine  
  22  2:05  SCV  
  22  2:08  Barracks  
  23  2:16  Barracks Reactor  
  23  2:17  SCV  
  24  2:26  Factory  
  24  2:28  Refinery  
  24  2:29  SCV  
  25  2:41  SCV  
  26  2:51  Orbital Command  
  26  2:53  SCV  
  26  2:55  Barracks Tech Lab  
  26  2:56  Marine x2  
  29  3:05  SCV  
  30  3:11  Supply Depot  
  30  3:13  Marine  
  30  3:14  Marine  
  30  3:15  Marine  
  30  3:16  Stimpack  
  30  3:18  SCV x2  
  35  3:26  Starport  
  35  3:27  Factory Reactor  
  35  3:30  SCV x2  
  37  3:34  Bunker  
  37  3:39  Marine x2  
  39  3:42  SCV  
  39  3:43  SCV  
  41  3:52  Supply Depot  
  41  3:53  Marine  
  41  3:54  SCV  
  42  3:57  Marine x2  
  42  4:00  Supply Depot, SCV  
  45  4:06  SCV  
  46  4:11  Medivac x2, Marine  
  46  4:15  Marine x2  
  46  4:16  SCV  
  54  4:18  SCV  
  55  4:24  Refinery  
  55  4:28  SCV  
  55  4:29  Marine  
  57  4:31  Engineering Bay  
  57  4:33  SCV, Marine, Engineering Bay  
  59  4:40  SCV  
  59  4:43  Supply Depot  
  59  4:45  SCV  
  61  4:50  Marine x2  
  61  4:51  Marine  
  61  4:52  SCV  
  65  4:57  SCV, Terran Infantry Weapons Level 1  
  66  5:00  Terran Infantry Armor Level 1  
  66  5:04  SCV  
  67  5:08  Marine  
  67  5:11  SCV, Command Center  
  69  5:16  Combat Shields  
  69  5:20  SCV  
  70  5:24  Marine x2  
  72  5:35  Marine  
  72  5:40  SCV  
  72  5:41  Marine  
  72  5:42  Marine  
  74  5:45  SCV, Barracks  
  74  5:46  Barracks x2  
  74  5:47  Armory  
  73  5:52  SCV  
  73  5:53  Marine  
  73  5:54  Medivac  
  73  5:55  Medivac  
  78  5:59  Supply Depot  
  78  6:20  Marine x3  
  78  6:21  SCV x2  
  78  6:24  Orbital Command  
  82  6:25  Supply Depot  
  82  6:28  Refinery, Medivac  
  82  6:29  Medivac  
  83  6:33  SCV x2, Barracks Reactor x2  
  83  6:34  Barracks Reactor  
  83  6:38  Marine x3  
  88  6:41  Factory Reactor  
  88  6:45  SCV x2  
  87  6:56  Marine x3  
  87  6:57  SCV x2  
  87  7:09  SCV x2  
  87  7:10  Marine x2  
  87  7:12  Marine  
  87  7:14  Marine x4  
  87  7:15  Medivac  
  97  7:17  Marine x2  
  97  7:21  SCV x2  
  101  7:28  Marine  
  102  7:30  Marine  
  102  7:32  Marine  
  102  7:33  SCV x2, Marine x2, Orbital Command  
  109  7:39  Bunker  
  109  7:44  Supply Depot  
  109  7:45  Supply Depot, Marine x3  
  109  7:46  Medivac x2, SCV x2  
  117  7:59  Marine  
  117  8:00  Supply Depot, Marine x2  
  117  8:03  SCV  
  120  8:05  SCV  
Show
View Real Time Build Order
Export as new Build Order

Elazer Zerg 

Build Orders: Hatch First 

Get SALT Encoding   

  12  0:00  Drone  
  13  0:12  Overlord  
  13  0:17  Drone  
  14  0:30  Drone  
  14  0:31  Drone  
  14  0:35  Drone  
  17  0:51  Hatchery  
  17  0:54  Drone  
  17  0:57  Drone  
  18  1:08  Extractor  
  17  1:13  Spawning Pool  
  17  1:15  Drone  
  17  1:18  Drone  
  18  1:28  Drone  
  19  1:39  Overlord  
  19  1:51  Drone  
  20  1:59  Queen  
  20  2:00  Zergling x2  
  23  2:04  Queen  
  23  2:05  Drone  
  26  2:11  Zergling x2  
  26  2:14  Metabolic Boost  
  27  2:16  Drone  
  27  2:21  Drone  
  29  2:25  Drone  
  30  2:34  Drone  
  31  2:40  Hatchery  
  30  2:44  Queen  
  30  2:47  Drone  
  33  2:52  Overlord  
  33  2:53  Drone  
  33  2:56  Drone  
  35  3:01  Drone  
  36  3:08  Overlord  
  36  3:10  Drone x3  
  36  3:11  Drone  
  40  3:14  Drone  
  40  3:15  Drone  
  42  3:20  Queen  
  44  3:27  Drone  
  44  3:28  Overlord  
  44  3:29  Drone  
  44  3:34  Drone x2  
  48  3:40  Drone x2  
  50  3:44  Overlord  
  50  3:45  Drone  
  51  3:48  Drone  
  51  3:53  Lair  
  51  3:54  Extractor  
  51  3:57  Queen  
  51  3:58  Spore Crawler  
  52  4:03  Drone x3  
  52  4:05  Drone x2  
  52  4:06  Overlord  
  57  4:16  Zergling x6  
  60  4:19  Evolution Chamber  
  60  4:20  Evolution Chamber  
  60  4:23  Zergling x4  
  60  4:24  Zergling x2  
  61  4:31  Drone x3  
  63  4:33  Overlord  
  63  4:34  Drone x2  
  66  4:42  Drone x2  
  66  4:43  Baneling Nest  
  66  4:44  Extractor  
  66  4:46  Zerg Melee Weapons Level 1  
  66  4:47  Drone x3  
  69  4:54  Overlord x2  
  69  4:58  Zerg Ground Armor Level 1  
  69  4:59  Zergling x4  
  71  5:03  Zergling x6  
  71  5:06  Overlord  
  71  5:15  Zergling x2  
  71  5:16  Zergling x10  
  71  5:20  Queen  
  78  5:25  Zergling x6  
  73  5:32  Zergling x2  
  73  5:33  Zergling x8  
  74  5:37  Zergling x6  
  68  5:46  Zergling x8  
  66  5:56  Zergling x8  
  63  6:01  Zergling x12  
  63  6:03  Zergling x2  
  55  6:11  Zergling x6  
  55  6:12  Zergling x2  
  55  6:15  Zergling x2  
  54  6:20  Zergling x4  
  51  6:27  Zergling x2  
  51  6:28  Zergling x8  
  53  6:33  Centrifical Hooks  
  53  6:39  Zergling x4  
  55  6:43  Zergling x4  
  57  6:50  Zergling x8  
  57  7:06  Zergling x2  
  57  7:07  Zergling x8  
  55  7:12  Queen x2  
  55  7:13  Queen  
  58  7:15  Zergling x2  
  56  7:29  Zergling x6  
  57  7:35  Zergling x6  
  56  7:40  Zergling x4  
  56  7:43  Zergling x2  
  57  7:54  Zergling x4  
  57  7:55  Zergling x2  
  59  8:01  Zergling x4  
  56  8:07  Spawning Pool  

Tags
 
Add a new tag
Caveats
  • Supply blocks, unpowered buildings, or Contaminate may cause inaccurate times.
  • Supply counts are checked every 10 seconds.